 Dungeon Crawl Stone Soup version 0.30-a0-365-ge7f957f1db (webtiles) character file.

Game seed: 7354329536117711880

261 mcwallace the Magician (level 5, -8/30 HPs)
             Began as a Deep Elf Air Elementalist on Nov 17, 2022.
             Mangled by Duvessa
             ... wielding a +0 short sword
              (13 damage)
             ... on level 4 of the Dungeon.
             The game lasted 00:06:05 (3344 turns).

mcwallace the Magician (Deep Elf Air Elementalist)  Turns: 3344, Time: 00:06:06

Health: -8/30      AC:  5    Str: 11    XL:     5   Next: 96%
Magic:  2/13       EV: 13    Int: 28    God:
Gold:   207        SH:  0    Dex: 15    Spells: 3/13 levels left

rFire   . . .      SeeInvis .    B - +2 short sword (freeze) {short}
rCold   . . .      Faith    .    (no shield)
rNeg    . . .      Spirit   .    a - +0 robe
rPois   .          Reflect  .    n - +2 helmet
rElec   .          Harm     .    (no cloak)
rCorr   .          Rampage  .    (no gloves)
Will    .....                    (no boots)
Stlth   ++........               (no amulet)
HPRegen 0.25/turn                C - +6 ring of strength
MPRegen 0.13/turn                D - +6 ring of intelligence

@: swift, very quick
A: no striking features
a: no special abilities


You were on level 4 of the Dungeon.
You visited 1 branch of the dungeon, and saw 4 of its levels.

You collected 207 gold pieces.


   Skills:
 + Level 1.9 Fighting
 + Level 4.0 Dodging
 - Level 2.4 Stealth
 + Level 4.5 Spellcasting
 + Level 2.9 Conjurations
 + Level 4.0 Air Magic


You had 3 spell levels left.
You knew the following spells:

 Your Spells              Type           Power      Damage    Failure   Level
a - Shock                 Conj/Air       100%       1d9       1%          1
b - Static Discharge      Conj/Air       50%        2-5/arc   2%          2
c - Swiftness             Air            28%        N/A       4%          3
d - Airstrike             Air            14%        2d(2-18)  13%         4

Your spell library contained the following spells:

 Spells                   Type           Power      Damage    Failure   Level
 Sublimation of Blood     Necr           6%         N/A       11%         2
 Ozocubu's Armour         Ice            6%         N/A       22%         3
 Petrify                  Tmut/Erth      6%         N/A       56%         4
 Irradiate                Conj/Tmut      7%         3d14      71%         5
 Metabolic Englaciation   Hex/Ice        3%         N/A       89%         5
 Simulacrum               Ice/Necr       3%         N/A       100%        6

Inventory:

Hand Weapons
 f - a +0 dagger {short}
   (You found it on level 1 of the Dungeon)
 g - a +0 dagger {short}
   (You took it off a goblin on level 1 of the Dungeon)
 B - a +2 short sword of freezing (weapon) {short}
   (You took it off a kobold on level 3 of the Dungeon)
Missiles
 j - 26 stones {throwing}
 m - 7 poisoned darts {throwing}
Armour
 a - a +0 robe (worn)
 c - a +0 ring mail
   (You found it on level 1 of the Dungeon)
 d - a +0 scale mail
   (You found it on level 1 of the Dungeon)
 n - a +2 helmet (worn)
   (You found it on level 2 of the Dungeon)
 o - a +0 ring mail
   (You found it on level 2 of the Dungeon)
 p - a +0 scale mail
   (You found it on level 2 of the Dungeon)
 q - a +0 leather armour
   (You found it on level 2 of the Dungeon)
 s - a +0 ring mail
   (You found it on level 2 of the Dungeon)
 u - a +0 ring mail
   (You found it on level 2 of the Dungeon)
 w - a +0 scale mail
   (You took it off an orc on level 3 of the Dungeon)
 x - a +0 chain mail
   (You took it off an orc on level 3 of the Dungeon)
 A - a +0 leather armour
   (You took it off an orc on level 3 of the Dungeon)
 F - a +0 leather armour
   (You found it on level 4 of the Dungeon)
Jewellery
 C - a +6 ring of strength (left hand)
   (You found it on level 3 of the Dungeon)
 D - a +6 ring of intelligence (right hand)
   (You found it on level 3 of the Dungeon)
Scrolls
 h - a scroll of teleportation {unknown}
 i - a scroll of amnesia {unknown}
 l - 2 scrolls of identify {unknown}
 r - a scroll of noise {unknown}
 t - a scroll of poison {unknown}
 v - a scroll of blinking {unknown}
 y - a scroll of enchant armour {unknown}
 E - a scroll of immolation {unknown}
Potions
 b - a potion of magic
 e - 3 potions of curing {unknown}
 k - 2 potions of might {unknown}
 z - 2 potions of ambrosia {unknown}

Dungeon Overview and Level Annotations

Branches:
Dungeon (4/15) Zot: 20662
 Temple: D:4-7

Altars:
Nemelex Xobeh
Ru

Annotations:
D:4 Dowan, Duvessa

#### ...# ##.####
######
#....########...>#
####.............#
#########.....###
##....[.#
#####.e..#...#
........@.# ###
.#####..<.# #..<.#
#....# #....#
###.## #.# #.# #.#


You could see Duvessa (berserk).


Message History

Press: ? - help, Q - select action, (/) - cycle Shift-Dir - straight line The zap hits the orc priest. x2
You kill the orc priest!
An orc comes into view. It is wielding a +0 club. 😎 MP[-1]
You lost 1 mp, and now have 11/13 mp.
Aiming: Shock (safe; 1% risk of failure)
Press: ? - help, Q - select action, (/) - cycle Shift-Dir - straight line The zap hits Natasha.
The zap hits Natasha!
An orc comes into view. It is wielding a +0 hand axe. 😎 MP[-1]
You lost 1 mp, and now have 10/13 mp.
Aiming: Shock (safe; 1% risk of failure)
Press: ? - help, Q - select action, (/) - cycle Shift-Dir - straight line The zap hits Natasha.
You kill Natasha!
Natasha yowls pathetically as she dies!
The zap hits the orc.
The zap hits the orc but does no damage.
The orc shouts!
Your Air Magic skill increases to level 4! 😎 MP[-1]
You lost 1 mp, and now have 9/13 mp.
Aiming: Shock (safe; 1% risk of failure)
Press: ? - help, Q - select action, (/) - cycle Shift-Dir - straight line The zap hits the orc. 😎 MP[-1]
You lost 1 mp, and now have 8/13 mp.
Aiming: Shock (safe; 1% risk of failure)
Press: ? - help, Q - select action, (/) - cycle Shift-Dir - straight line The zap hits the orc.
You kill the orc!
Dowan, Brother of Duvessa comes into view.
He is wielding a +0 dagger and carrying a wand of polymorph (10).
Your Dodging skill increases to level 4! 😎 MP[-1]
You lost 1 mp, and now have 7/13 mp.
Aiming: Shock (safe; 1% risk of failure)
Press: ? - help, Q - select action, (/) - cycle Shift-Dir - straight line The zap hits the orc. x2
You kill the orc!
Dowan shouts!
Dowan gestures wildly while chanting.
Dowan blinks! 😎 MP[-1]
You lost 1 mp, and now have 6/13 mp.
Aiming: Shock (safe; 1% risk of failure)
Press: ? - help, Q - select action, (/) - cycle Shift-Dir - straight line The zap hits the orc but does no damage.
The zap hits the orc.
Aiming: Shock (safe; 1% risk of failure)
Press: ? - help, Q - select action, (/) - cycle Shift-Dir - straight line The zap hits the orc!
You kill the orc! 😎 MP[-1]
You lost 1 mp, and now have 5/13 mp.
Aiming: Shock (safe; 1% risk of failure)
Press: ? - help, Q - select action, (/) - cycle Shift-Dir - straight line The zap misses Duvessa.
The zap hits Duvessa.
Duvessa says, "My weaknesses are his strengths!" 😎 MP[-1]
You lost 1 mp, and now have 4/13 mp.
Aiming: Shock (safe; 1% risk of failure)
Press: ? - help, Q - select action, (/) - cycle Shift-Dir - straight line The zap hits Duvessa.
Duvessa drinks a potion.
Duvessa goes berserk! 😎 MP[-1]
You lost 1 mp, and now have 3/13 mp.
Casting: Shock (safe; 1% risk of failure)
Confirm with . or Enter, or press ? or * to list all spells.
You feel quick.
Duvessa hits you with a +0 short sword! 😮 HP[-13] MP[-3]
You take 13 damage, and now have 17/30 hp.
MASSIVE DAMAGE!! (PAUSE)
You lost 3 mp, and now have 0/13 mp.
Duvessa attacks as you move away!
Duvessa closely misses you. 😮 HP[+1] Duvessa attacks as you move away!
Duvessa misses you. Duvessa hits you with a +0 short sword.
* * * LOW HITPOINT WARNING * * *
😨 HP[-3]
You take 3 damage, and now have 15/30 hp.
Duvessa attacks as you move away! Duvessa hits you with a +0 short sword!
* * * LOW HITPOINT WARNING * * *
😱 HP[-12] MP[+1]
You take 12 damage, and now have 3/30 hp.
MASSIVE DAMAGE!! (PAUSE) Duvessa rages. 😱 HP[+1] Duvessa closely misses you.
Duvessa rages. 😱 HP[+1] Duvessa rages.
Duvessa attacks as you move away!
Duvessa misses you. 😱 MP[+1] Duvessa barely misses you.
Duvessa attacks as you move away! Duvessa misses you.
Duvessa rages.
Duvessa attacks as you move away! Duvessa hits you with a +0 short sword!
You die...

Skill      XL: |  1  2  3  4  5 |
---------------+----------------+-----
Dodging        | 3 4 |  4.0
Fighting       | 1 |  1.9
Spellcasting   | 4 |  4.5
Conjurations   | 2 |  2.9
Air Magic      | 4 |  4.0
Stealth        | |  2.4

Action                   |  1- 3 |  4- 6 || total
-------------------------+-------+-------++-------
 Cast: Shock             |    76 |    82 ||   158
       Static Discharge  |     3 |       ||     3
       Swiftness         |       |     1 ||     1
Armor: Robe              |     1 |       ||     1
Dodge: Dodged            |     3 |    14 ||    17

Levels and vault maps discovered:
D:1:      wheals_arrival_linesprint, layout_basic
D:2:      layout_loops_ring, minmay_worlds_worst_comb
D:3:      layout_basic, nicolae_ru_path_of_blood
D:4:      layout_rooms, nemelex_dance_club_becter, uniq_duvessa, uniq_natasha

Notes
Turn   | Place    | Note
-------+----------+-------------------------------------------
     0 | D:1      | mcwallace the Deep Elf Air Elementalist began the quest for
                  | the Orb.
     0 | D:1      | Reached XP level 1. HP: 10/10 MP: 6/6
     0 | D:1      | magus.rc [v1.9.6]
   404 | D:1      | Reached XP level 2. HP: 16/16 MP: 4/8
  1171 | D:2      | Reached XP level 3. HP: 20/20 MP: 4/9
  1418 | D:2      | Learned a level 2 spell: Static Discharge
  1422 | D:2      | Learned a level 3 spell: Swiftness
  1784 | D:2      | Reached skill level 3 in Dodging
  1827 | D:2      | You pick up a book of Alchemy and begin reading...
  1827 | D:2      | You add the spells Sublimation of Blood, Petrify and
                  | Irradiate to your library.
  1982 | D:2      | Reached skill level 1 in Fighting
  2093 | D:3      | Noticed a scorpion
  2124 | D:3      | Killed a scorpion
  2125 | D:3      | Reached skill level 4 in Spellcasting
  2125 | D:3      | Reached skill level 2 in Conjurations
  2125 | D:3      | Reached XP level 4. HP: 18/25 MP: 1/12
  2337 | D:3      | Found a sacrificial altar of Ru.
  2497 | D:3      | Reached XP level 5. HP: 29/29 MP: 10/13
  2894 | D:3      | Learned a level 4 spell: Airstrike
  2904 | D:3      | You pick up a book of Winter and begin reading...
  2904 | D:3      | You add the spells Ozocubu's Armour, Metabolic Englaciation
                  | and Simulacrum to your library.
  3184 | D:4      | Noticed Duvessa
  3248 | D:4      | Found a sparkling altar of Nemelex Xobeh.
  3315 | D:4      | Noticed Natasha
  3319 | D:4      | Killed Natasha
  3320 | D:4      | Reached skill level 4 in Air Magic
  3321 | D:4      | Noticed Dowan
  3322 | D:4      | Reached skill level 4 in Dodging
  3331 | D:4      | HP: 3/30 [Duvessa/+0 short sword (12)]
  3344 | D:4      | Mangled by Duvessa

Vanquished Creatures
  A scorpion (D:3)
  An orc priest (D:4)
  Natasha (D:4)
  3 gnolls (D:3)
  2 adders
  An ufetubus (D:4)
  A worm (D:3)
  4 dart slugs
  9 orcs
  2 bats (D:2)
  9 endoplasms
  7 giant cockroaches
  5 goblins
  6 hobgoblins
  7 kobolds
  2 quokkas
  6 ball pythons
  5 frilled lizards
  5 rats
77 creatures vanquished.

Table legend:
 A = Non-vault XP
 B = Vault XP
 C = Vault XP percentage of total XP
 D = Non-vault monster count
 E = Vault monster count
 F = Vault count percentage of total count
                 A         B        C        D         E       F
            +---------+---------+-------+---------+---------+-------
      Total |     327 |      46 |  12.3 |      72 |       5 |   6.5
            +---------+---------+-------+---------+---------+-------
        D:1 |      29 |       0 |   0.0 |      17 |       0 |   0.0
        D:2 |      43 |       4 |   8.5 |      19 |       2 |   9.5
        D:3 |     182 |       0 |   0.0 |      23 |       0 |   0.0
        D:4 |      73 |      42 |  36.5 |      13 |       3 |  18.8
            +---------+---------+-------+---------+---------+-------

Illustrated notes

Table legend:
 A = Kills in this place as a percentage of kills in entire the game.
 B = Kills by you in this place as a percentage of kills by you in the entire game.
 C = Kills by friends in this place as a percentage of kills by friends in the entire game.
 D = Other kills in this place as a percentage of other kills in the entire game.
 E = Experience gained in this place as a percentage of experience gained in the entire game.
 F = Experience gained in this place divided by the number of levels of this place that you have seen.
                   A       B       C       D       E      F
               +-------+-------+-------+-------+-------+----------------------
         Total | 100.0 | 100.0 |   N/A |   N/A | 100.0 |  93.2
       Dungeon | 100.0 | 100.0 |   N/A |   N/A | 100.0 |  93.2
               +-------+-------+-------+-------+-------+----------------------

Table legend: (Time is in decaauts)
 A = Elapsed time spent in this place.
 B = Non-inter-level travel time spent in this place.
 C = Inter-level travel time spent in this place.
 D = Time resting spent in this place.
 E = Time spent auto-exploring this place.
 F = Levels seen in this place.
 G = Mean time per level.
                   A        B        C        D        E       F      G
               +--------+--------+--------+--------+--------+-----+--------+
         Total |   3337 |   3269 |     68 |      0 |   2807 |   4 |  834.2 |
       Dungeon |   3337 |   3269 |     68 |      0 |   2807 |   4 |  834.2 |
               +--------+--------+--------+--------+--------+-----+--------+

Top non-repeatable levels by time:
     D:2: 1083 daAuts
     D:3: 1021 daAuts
     D:1: 974 daAuts
     D:4: 258 daAuts
